 Dungeon Crawl Stone Soup version 0.31-a0-177-g4aa6249778 (webtiles) character file.

Game seed: 5506275884564768633

119 qw the Shooter (level 5, -5/49 HPs)
             Began as a Naga Hunter on June 18, 2023.
             Slain by an orc
             ... wielding a +0 mace
              (6 damage)
             ... on level 3 of the Dungeon.
             The game lasted 00:00:40 (1353 turns).

qw the Shooter (Naga Hunter)                        Turns: 1353, Time: 00:00:40

Health: -5/49      AC:  4    Str: 13    XL:     5   Next: 3%
Magic:  5/5        EV: 14    Int: 10    God:
Gold:   99         SH:  0    Dex: 16    Spells: 4/4 levels left

rFire   . . .        Y - +0 shortbow
rCold   . . .        (shield currently unavailable)
rNeg    . . .        c - +0 leather armour
rPois   +            (no helmet)
rElec   .            k - +0 cloak
rCorr   .            (no gloves)
SInv    +            (no barding)
Will    .....        (no amulet)
Stlth   ++           f - +5 ring of evasion
HPRegen 0.28/turn    (no ring)
MPRegen 0.09/turn

%: no passive effects
@: short of breath, very slow
A: AC +1, large, see invisible, deformed body, poison resistance, slowness 2,
spit poison 1, naga tail 1
a: Spit Poison


You were on level 3 of the Dungeon.
You visited 1 branch of the dungeon, and saw 3 of its levels.

You collected 99 gold pieces.


Innate Abilities, Weirdness & Mutations

Your serpentine skin is tough. (AC +1)
You have supernaturally acute eyesight. (SInv)
Armour fits poorly on your strangely shaped body.
Your system is resistant to poisons. (rPois)
You cover ground very slowly.
You can spit poison.
You have a snake-like lower body.


   Skills:
 - Level 3.3 Fighting
 + Level 5.0 Ranged Weapons
 - Level 1.5 Dodging
 - Level 1.5 Stealth


You had 4 spell levels left.
You didn't know any spells.
Your spell library was empty.

Inventory:

Hand Weapons
 Y - a +0 shortbow (weapon)
Armour
 a - a +2 pair of gloves
 c - a +0 leather armour (worn)
 k - a +0 cloak (worn)
Jewellery
 f - a +5 ring of evasion (left hand)
 i - a ring of fire
Scrolls
 d - a scroll of identify
Potions
 b - a potion of haste
 e - a potion of lignification {unknown}
 g - a potion of degeneration {unknown}
 l - a potion of curing {unknown}

Dungeon Overview and Level Annotations

Branches:
Dungeon (3/15)

Altars:

Shops:
D:1 (


Message History

The orc hits you but does no damage. The orc hits you with a +0 flail.
You shoot an arrow.
The arrow hits the orc but does no damage.
The orc closely misses you. The orc hits you but does no damage.
You shoot an arrow. The arrow completely misses the orc.
You have got your breath back.
The orc closely misses you. x2
1347 ||| INVOKING Spit Poison.
Aiming: Spit Poison (1% risk of failure)
Press: ? - help, Shift-Dir - straight line, f/p - orc The splash of poison misses the orc.
The orc misses you. The orc barely misses you.
You shoot an arrow. The arrow closely misses the orc.
The orc barely misses you. The orc hits you with a +0 flail!
The orc misses you. The orc closely misses you.
You shoot an arrow. The arrow hits the orc.
The orc is heavily wounded.
The orc hits you with a +0 mace. The orc barely misses you.
The orc closely misses you. The orc misses you.
The orc hits you with a +0 mace. The orc hits you with a +0 flail!
The orc barely misses you. The orc misses you.
1350 ||| DRINKING potion of heal wounds.
You feel much better. The orc misses you. x2
The orc hits you from afar with a +0 trident.
The orc closely misses you.
You shoot an arrow. The arrow hits the orc.
The orc is severely wounded.
You have got your breath back.
The orc hits you with a +0 mace. The orc barely misses you.
The orc hits you with a +0 flail. The orc barely misses you.
1352 ||| INVOKING Spit Poison.
Aiming: Spit Poison (1% risk of failure)
Press: ? - help, Shift-Dir - straight line, f/p - orc The splash of poison hits the orc.
The orc is poisoned.
You kill the orc!
The orc hits you with a +0 flail. The orc hits you with a +0 mace!
The orc hits you but does no damage.
You shoot an arrow. The arrow closely misses the orc.
The orc hits you with a +0 mace.
You die...

#####.....###.#
...>.........#
.###.....###.#
##...## #.#
##.## #.#
##.#####.#
........%#
#######..# #.@#
#oo).#
....o....
###.........
....#...##
####.##)... .#
.### .# .


You could see 3 orcs.

Vanquished Creatures
  An orc wizard (D:3)
  4 adders
  A dart slug (D:1)
  7 orcs
  An endoplasm (D:3)
  5 giant cockroaches
  5 goblins
  8 jackals
  3 kobolds
  5 ball pythons
  5 bats
  A rat (D:3)
46 creatures vanquished.

Notes
Turn   | Place    | Note
-------+----------+-------------------------------------------
     0 | D:1      | qw the Naga Hunter began the quest for the Orb.
     0 | D:1      | Reached XP level 1. HP: 19/19 MP: 1/1
     0 | D:1      | 0 ||| qw: Version: 0.3-a-7-ge0c9b40
     0 | D:1      | 0 ||| qw: Game counter: 722
     0 | D:1      | 0 ||| qw: Always use a shield: true
     0 | D:1      | 0 ||| qw: God list: Okawaru
     0 | D:1      | 0 ||| qw: Allow faded altars: false
     0 | D:1      | 0 ||| qw: Do Orc after D:15 true
     0 | D:1      | 0 ||| qw: Do second Lair branch before Depths: true
     0 | D:1      | 0 ||| qw: Lair rune preference: random
     0 | D:1      | 0 ||| qw: Plans: Normal
     0 | D:1      | 0 ||| PLANNING D:1-11
    50 | D:1      | 50 ||| INVOKING Spit Poison.
   109 | D:1      | 109 ||| INVOKING Spit Poison.
   112 | D:1      | 112 ||| INVOKING Spit Poison.
   176 | D:1      | 176 ||| INVOKING Spit Poison.
   177 | D:1      | Reached skill level 4 in Ranged Weapons
   177 | D:1      | Reached XP level 2. HP: 26/26 MP: 2/2
   187 | D:1      | 187 ||| INVOKING Spit Poison.
   191 | D:1      | 191 ||| INVOKING Spit Poison.
   300 | D:1      | 300 ||| FLEEEEING.
   301 | D:1      | 301 ||| FLEEEEING.
   302 | D:1      | 302 ||| FLEEEEING.
   303 | D:1      | 303 ||| FLEEEEING.
   304 | D:1      | 304 ||| FLEEEEING.
   305 | D:1      | 305 ||| FLEEEEING.
   366 | D:1      | Found Obrist's Weapon Boutique.
   468 | D:1      | 468 ||| UPGRADING to +5 ring of evasion.
   469 | D:1      | 469 ||| READING scroll labelled FYETODDOEWN.
   470 | D:1      | 470 ||| READING scroll labelled EFOZEI SOERAX.
   471 | D:1      | 471 ||| READING scroll labelled JOGIOTS SURI SUE.
   472 | D:1      | 472 ||| READING scroll labelled GAEKHO NYNINE.
   473 | D:1      | 473 ||| READING scroll labelled WEIGOE FOILE.
   474 | D:1      | 474 ||| DROPPING scroll of butterflies.
   498 | D:2      | 498 ||| INVOKING Spit Poison.
   502 | D:2      | 502 ||| INVOKING Spit Poison.
   503 | D:2      | 503 ||| INVOKING Spit Poison.
   506 | D:2      | 506 ||| STAIRDANCE
   508 | D:1      | 508 ||| INVOKING Spit Poison.
   545 | D:2      | 545 ||| INVOKING Spit Poison.
   578 | D:2      | 578 ||| INVOKING Spit Poison.
   581 | D:2      | Reached XP level 3. HP: 32/32 MP: 3/3
   655 | D:2      | 655 ||| INVOKING Spit Poison.
   746 | D:2      | 746 ||| INVOKING Spit Poison.
   759 | D:2      | 759 ||| INVOKING Spit Poison.
   816 | D:2      | 816 ||| INVOKING Spit Poison.
   821 | D:2      | 821 ||| INVOKING Spit Poison.
   849 | D:2      | 849 ||| INVOKING Spit Poison.
   956 | D:2      | 956 ||| INVOKING Spit Poison.
   981 | D:2      | 981 ||| INVOKING Spit Poison.
   984 | D:2      | Reached skill level 5 in Ranged Weapons
   993 | D:2      | Reached XP level 4. HP: 39/39 MP: 4/4
   999 | D:2      | 999 ||| INVOKING Spit Poison.
  1002 | D:2      | 1002 ||| INVOKING Spit Poison.
  1039 | D:2      | 1039 ||| INVOKING Spit Poison.
  1114 | D:2      | 1114 ||| INVOKING Spit Poison.
  1149 | D:2      | 1149 ||| UPGRADING to +0 cloak.
  1154 | D:2      | 1154 ||| READING scroll labelled VILAGO COFU.
  1155 | D:2      | 1155 ||| READING scroll labelled LUKLUF NOOS.
  1156 | D:2      | 1156 ||| DRINKING 2 amethyst potions.
  1157 | D:2      | 1157 ||| READING 3 scrolls of identify.
  1157 | D:2      | 1157 ||| IDENTIFYING smoky red potion
  1158 | D:2      | 1158 ||| READING 2 scrolls of identify.
  1158 | D:2      | 1158 ||| IDENTIFYING clear potion
  1159 | D:2      | 1159 ||| DROPPING potion of attraction.
  1179 | D:3      | 1179 ||| INVOKING Spit Poison.
  1185 | D:3      | 1185 ||| INVOKING Spit Poison.
  1192 | D:3      | 1192 ||| INVOKING Spit Poison.
  1195 | D:3      | 1195 ||| INVOKING Spit Poison.
  1199 | D:3      | 1199 ||| INVOKING Spit Poison.
  1260 | D:3      | 1260 ||| INVOKING Spit Poison.
  1282 | D:3      | 1282 ||| INVOKING Spit Poison.
  1308 | D:3      | 1308 ||| INVOKING Spit Poison.
  1318 | D:3      | 1318 ||| INVOKING Spit Poison.
  1322 | D:3      | 1322 ||| INVOKING Spit Poison.
  1328 | D:3      | 1328 ||| INVOKING Spit Poison.
  1338 | D:3      | 1338 ||| INVOKING Spit Poison.
  1340 | D:3      | Reached skill level 3 in Fighting
  1341 | D:3      | Reached XP level 5. HP: 38/49 MP: 5/5
  1341 | D:3      | 1341 ||| INVOKING Spit Poison.
  1347 | D:3      | 1347 ||| INVOKING Spit Poison.
  1349 | D:3      | HP: 9/49 [orc/+0 mace (6)]
  1349 | D:3      | HP: 1/49 [orc/+0 flail (7)]
  1350 | D:3      | 1350 ||| DRINKING potion of heal wounds.
  1352 | D:3      | 1352 ||| INVOKING Spit Poison.
  1353 | D:3      | Slain by an orc

Levels and vault maps discovered:
D:1:      mrwooster_arrival_arrow, layout_basic, serial_shops, shop
D:2:      layout_loops_ring
D:3:      layout_loops_ring

Skill      XL: |  1  2  3  4 |
---------------+-------------+-----
Ranged Weapons | 4 5 |  5.0
Fighting       | 3 |  3.3
Dodging        | |  1.5
Stealth        | |  1.5

Action                     |  1- 3 |  4- 6 || total
---------------------------+-------+-------++-------
   Fire: Shortbow          |    45 |    50 ||    95
Ability: Spit Poison       |    19 |    19 ||    38
    Use: Scroll            |     5 |     4 ||     9
         Potion            |       |     2 ||     2
 Armour: Leather armour    |     4 |    15 ||    19
  Dodge: Dodged            |     9 |    71 ||    80

Table legend:
 A = Non-vault XP
 B = Vault XP
 C = Vault XP percentage of total XP
 D = Non-vault monster count
 E = Vault monster count
 F = Vault count percentage of total count
                 A         B        C        D         E       F
            +---------+---------+-------+---------+---------+-------
      Total |     170 |       0 |   0.0 |      46 |       0 |   0.0
            +---------+---------+-------+---------+---------+-------
        D:1 |      19 |       0 |   0.0 |      10 |       0 |   0.0
        D:2 |      74 |       0 |   0.0 |      20 |       0 |   0.0
        D:3 |      77 |       0 |   0.0 |      16 |       0 |   0.0
            +---------+---------+-------+---------+---------+-------
